 Dungeon Crawl Stone Soup version 0.32-a0-136-gc02482bde3 (webtiles) character file.

Game seed: 7624539481251099448

2761 jasper the Zephyrmancer (level 9, 0/85 HPs)
             Began as a Deep Elf Air Elementalist on Feb 10, 2024.
             Was a Follower of Vehumet.
             Slain by a troll (2 damage)
             ... on level 9 of the Dungeon.
             The game lasted 00:15:47 (8093 turns).

jasper the Zephyrmancer (Deep Elf Air Elementalist) Turns: 8093, Time: 00:15:47

Health: 0/85       AC: 24    Str:  9    XL:     9   Next: 42%
Magic:  0/18       EV:  2    Int: 25    God:    Vehumet [*.....]
Gold:   43         SH:  0    Dex: 15    Spells: 3/18 levels left

rFire   . . .        (no weapon)
rCold   . . .        (no shield)
rNeg    . . .        a - melded +0 robe
rPois   +            f - melded +0 helmet
rElec   .            e - melded +0 cloak
rCorr   +            g - melded +0 pair of gloves
SInv    .            q - melded +1 pair of boots
Will    .....        (no amulet)
Stlth   +            p - ring of Orthodoxy {rPois rCorr EV+5 Str+4 Stlth-}
HPRegen 0.34/turn    (no ring)
MPRegen 0.16/turn

%: no passive effects
@: brilliant, tree-form, hasted, very quick
A: stationary, stasis, torment immunity, boosted hp, (hooves 1), robust 1, wild
magic 1
a: Renounce Religion


You were on level 9 of the Dungeon.
You worshipped Vehumet.
Vehumet was aware of your devotion.
You were a tree.
You visited 2 branches of the dungeon, and saw 10 of its levels.

You collected 329 gold pieces.
You spent 286 gold pieces at shops.

Inventory:

Hand Weapons
 d - a +1 short sword
 m - the +5 dagger of Anguish {heavy, rElec rCorr Int+4}
   (You found it on level 2 of the Dungeon)

   Int+4:     It affects your intelligence (+4).
   rElec:     It insulates you from electricity.
   rCorr:     It protects you from acid and corrosion.
 o - a +1 hand axe of freezing
Missiles
 n - 2 darts of dispersal
Armour
 a - a +0 robe (melded)
 e - a +0 cloak (melded)
 f - a +0 helmet (melded)
 g - a +0 pair of gloves (melded)
 q - a +1 pair of boots (melded)
 w - +0 steam dragon scales
Magical Staves
 i - a staff of fire
 v - a staff of air
Jewellery
 p - the ring of Orthodoxy (left branch) {rPois rCorr EV+5 Str+4 Stlth-}
   (You acquired it on level 4 of the Dungeon)

   [ring of evasion]

   EV+5:      It affects your evasion (+5).
   Str+4:     It affects your strength (+4).
   rPois:     It protects you from poison rCorr: It protects you from acid and
   corrosion.
   Stlth-:    It makes you less stealthy.
 t - a ring of magical power
 u - a ring of protection from fire
Scrolls
 b - 2 scrolls of enchant weapon
 j - 2 scrolls of vulnerability
 r - a scroll of teleportation
Potions
 c - a potion of enlightenment
 h - 3 potions of lignification
 k - a potion of brilliance
 l - a potion of haste
 s - 2 potions of mutation


   Skills:
 + Level 4.1 Fighting
 - Level 2.4 Dodging
 - Level 2.4 Stealth
 - Level 5.0 Spellcasting
 * Level 8.1 Conjurations
 - Level 5.0 Ice Magic
 * Level 8.8 Air Magic


You had 3 spell levels left.
You knew the following spells:

 Your Spells              Type           Power      Damage    Failure   Level
a - Shock                 Conj/Air       100%       1d9       1%          1
b - Static Discharge      Conj/Air       100%       3-8/arc   1%          2
c - Swiftness             Air            78%        N/A       1%          3
d - Airstrike             Air            39%        2d(6-22)  4%          4
e - Freezing Cloud        Conj/Ice/Air   35%        6-21      17%         5

Your spell library contained the following spells:

 Spells                   Type           Power      Damage    Failure   Level
 Magic Dart               Conj           100%       1d8       1%          1
 Kiss of Death            Conj/Necr      100%       2d13      3%          1
 Mercury Vapours          Alch/Air       100%       N/A       3%          2
 Mephitic Cloud           Conj/Alch/Air  61%        N/A       4%          3
 Frozen Ramparts          Ice            100%       1d16      5%          3
 Necrotise                Necr           48%        1d6       13%         1
 Slow                     Hex            48%        N/A       13%         1
 Confusing Touch          Hex            12%        N/A       32%         3
 Sigil of Binding         Hex            12%        N/A       32%         3
 Vampiric Draining        Necr           12%        2d6       32%         3
 Dispel Undead            Necr           12%        3d9       71%         4
 Leda's Liquefaction      Alch/Erth      6%         N/A       71%         4
 Martyr's Knell           Necr/Summ      12%        N/A       71%         4
 Petrify                  Alch/Erth      12%        N/A       71%         4
 Metabolic Englaciation   Hex/Ice        18%        N/A       71%         5
 Curse of Agony           Necr           12%        N/A       95%         5


Dungeon Overview and Level Annotations

Branches:
Dungeon (9/15)             Temple (1/1) D:7
   Lair: D:8-11         Orc: D:9-12

Altars:
Ashenzari
Cheibriados
Dithmenos
Elyvilon
Gozag
Makhleb
Nemelex Xobeh
Okawaru
Qazlal
Ru
Sif Muna
Trog
Uskayaw
Vehumet
Wu Jian
Xom
Yredelemnul
Zin
The Shining One

Shops:
D:2 :   D:5 =   D:7 :

Annotations:
D:6 Maggie
Temple 2 transporters


Innate Abilities, Weirdness & Mutations

You are a tree.
Your roots penetrate the ground, keeping you stationary.
You cannot be teleported.
You are immune to unholy pain and torment.
Your maximum health is greatly increased.
Your equipment is partially melded.
((You have large cloven feet.))
You are robust. (+10% HP)
Your spells are a little harder to cast, but a little more powerful.


Message History

The lightning grounds out.
The acid dragon is struck by an arc of lightning!
The acid dragon is severely wounded.
You are struck by an arc of lightning.
The troll is struck by an arc of lightning!
The troll is severely wounded.
The acid dragon is struck by an arc of lightning.
The acid dragon is almost dead.
The lightning grounds out.
The orc wizard is struck by an arc of lightning.
The orc wizard is severely wounded.
The troll is struck by an arc of lightning.
The troll is severely wounded.
You are struck by an arc of lightning.
You now have 0/18 mp.
Okay, then.
Unknown command.
You feel clever.
m - the +5 dagger of Anguish (weapon)
{heavy, rElec rCorr Int+4} The troll barely misses you.
The troll claws you but does no damage. x2
The orc wizard hits you but does no damage.
The acid dragon bites you but does no damage.
The acid dragon claws you.
* * * LOW HITPOINT WARNING * * *
You hit the orc wizard.
You kill the orc wizard!
Vehumet accepts your kill.
The acid dragon bites you but does no damage.
The acid dragon claws you but does no damage.
The troll bites you but does no damage.
The troll claws you but does no damage. x2
You hit the acid dragon but do no damage.
The acid dragon is almost dead.
The acid dragon bites you but does no damage.
The acid dragon completely misses you. The troll bites you but does no damage.
The troll claws you but does no damage. x2
You are now empty-handed.
You hit the acid dragon but do no damage.
The acid dragon is almost dead.
The troll bites you but does no damage. The troll claws you.
You die...

###########
#.T♣)......
......D))....#.
.............#
....F...[......
............###
.........####
.....#####
..... ####
....###


You could see a troll, an acid dragon and a bullfrog.

Vanquished Creatures
  A steam dragon (D:8)
  Edmund (D:5)
  A water moccasin (D:7)
  2 orc warriors
  A black bear (D:5)
  2 ice beasts (D:7)
  2 ogres (D:5)
  A centaur (D:6)
  5 scorpions
  9 killer bees (D:8)
  2 bombardier beetles
  A jelly (D:4)
  3 orc priests
  6 hounds
  3 gnoll boudas
  Natasha (thrice) (D:4)
  3 iguanas
  3 orc wizards
  7 adders
  16 gnolls
  3 dart slugs
  15 orcs
  15 endoplasms
  2 giant cockroaches (D:1)
  9 goblins
  6 hobgoblins
  4 jackals (D:1)
  6 quokkas
  8 ball pythons
  2 bats (D:1)
  3 frilled lizards
  9 kobolds
  5 rats
159 creatures vanquished.

Notes
Turn   | Place    | Note
-------+----------+-------------------------------------------
     0 | D:1      | jasper the Deep Elf Air Elementalist began the quest for
                  | the Orb.
     0 | D:1      | Reached XP level 1. HP: 10/10 MP: 6/6
   595 | D:1      | Reached XP level 2. HP: 16/16 MP: 5/8
   600 | D:1      | Learned a level 2 spell: Static Discharge
  1121 | D:1      | Reached XP level 3. HP: 20/20 MP: 7/9
  1125 | D:1      | Learned a level 3 spell: Swiftness
  1292 | D:1      | Found a faded altar of an unknown god.
  1803 | D:2      | Reached skill level 1 in Fighting
  2004 | D:2      | Reached XP level 4. HP: 25/25 MP: 6/10
  2076 | D:2      | Found Utarghuom's Book Shoppe.
  2284 | D:2      | Identified the +5 dagger of Anguish {heavy, rElec rCorr
                  | Int+4}
  2895 | D:3      | You fall into a shaft and drop 1 floor!
  2991 | D:4      | Reached XP level 5. HP: 29/29 MP: 7/11
  3093 | D:4      | Reached skill level 5 in Air Magic
  3205 | D:4      | Noticed Natasha
  3219 | D:4      | Killed Natasha
  3220 | D:4      | Reached XP level 6. HP: 28/35 MP: 3/12
  3361 | D:4      | Noticed Natasha
  3377 | D:4      | Killed Natasha
  3477 | D:4      | Identified a scroll of acquirement
  3477 | D:4      | Acquired the ring of Orthodoxy {rPois rCorr EV+5 Str+4
                  | Stlth-}
  3540 | D:4      | Noticed Natasha
  3893 | D:3      | Found an opulent altar of Gozag.
  4103 | D:4      | Reached skill level 5 in Conjurations
  4198 | D:4      | Killed Natasha
  4211 | D:4      | Learned a level 4 spell: Airstrike
  4293 | D:4      | Reached XP level 7. HP: 40/40 MP: 7/13
  4759 | D:5      | Entered Level 5 of the Dungeon
  5023 | D:5      | Found a basalt altar of Yredelemnul.
  5091 | D:5      | Noticed Edmund
  5103 | D:5      | Killed Edmund
  5271 | D:5      | Reached XP level 8. HP: 46/46 MP: 0/14
  6010 | D:5      | Found Etoem's Jewellery Boutique.
  6410 | D:2      | Bought a book of Vapours for 286 gold pieces
  6630 | D:6      | Noticed Maggie
  6760 | D:7      | Learned a level 5 spell: Freezing Cloud
  6845 | D:7      | Reached skill level 5 in Spellcasting
  7076 | D:7      | Found Icaymo's Book Boutique.
  7195 | D:7      | Found a staircase to the Ecumenical Temple.
  7205 | Temple   | Found a transporter.
  7205 | Temple   | Found a transporter.
  7205 | Temple   | Found a transporter.
  7205 | Temple   | Found a transporter.
  7205 | Temple   | Entered the Ecumenical Temple
  7220 | Temple   | Became a worshipper of Vehumet
  7467 | D:7      | Reached XP level 9. HP: 30/51 MP: 1/18
  7831 | D:8      | Reached skill level 5 in Ice Magic
  8073 | D:8      | Reached * piety under Vehumet
  8073 | D:8      | Offered knowledge of Magic Dart by Vehumet.
  8077 | D:9      | Noticed a troll
  8080 | D:9      | Gained mutation: You have large cloven feet. [potion of
                  | mutation]
  8080 | D:9      | Gained mutation: You are robust. (+10% HP) [potion of
                  | mutation]
  8080 | D:9      | Gained mutation: Your spells are a little harder to cast,
                  | but a little more powerful. [potion of mutation]
  8083 | D:9      | HP: 4/85 [acid dragon/splash of acid (1)]
  8083 | D:9      | Noticed a troll
  8087 | D:9      | HP: 1/85 [acid dragon/splash of acid (2)]
  8093 | D:9      | Slain by a troll

Illustrated notes

Levels and vault maps discovered:
D:1:      dpeg_arrival_arbitrary_a, layout_loops_ring,
          dreamdust_ecumenical_altar_sealed_demon
D:2:      layout_basic, serial_shops, shop
D:3:      layout_basic, mainiacjoe_overflow_brackets
D:4:      layout_cave_pools, uniq_natasha
D:5:      layout_cave_pools, mainiacjoe_overflow_surrounded_room, serial_shops,
          shop, chequers_serial_rivers_micro_a, kennysheep_generic_room_7,
          uniq_edmund
D:6:      layout_basic, mainiacjoe_overflow_six_doors_small,
          nzn_hepliaklqana_mist_gate, uniq_maggie, uniq_pikel
D:7:      layout_basic, temple_statues, serial_shops,
          nicolae_shop_pleasant_corner_grove, nicolae_zen_rock_garden,
          grunt_decor_mini_mirrors, hex_intersection, skrybe_limestone_x
D:8:      layout_loops_ring, enter_bailey_2, grunt_ministairs_1, uniq_psyche
D:9:      minmay_cornered_nines, layout_basic, fedhas_altar_4, serial_shops,
          shop
Temple:   hellmonk_temple_divided_pantheon

Skill      XL: |  1  2  3  4  5  6  7  8  9 |
---------------+----------------------------+-----
Conjurations   | 2 3 4 5 6 7 8 |  8.1
Air Magic      | 4 5 6 7 8 |  8.8
Fighting       | 1 2 3 4 |  4.1
Spellcasting   | 5 |  5.0
Ice Magic      | 4 5 |  5.0
Dodging        | |  2.4
Stealth        | |  2.4

Action                     |  1- 3 |  4- 6 |  7- 9 || total
---------------------------+-------+-------+-------++-------
  Melee: Short sword       |     9 |       |       ||     9
         Punch             |     1 |     1 |     1 ||     3
         Dagger            |       |     5 |     9 ||    14
         Staff             |       |       |     7 ||     7
         Unarmed           |       |       |     1 ||     1
  Throw: Dart              |       |       |     1 ||     1
   Cast: Shock             |    88 |    80 |    86 ||   254
         Static Discharge  |     1 |    18 |    37 ||    56
         Airstrike         |       |       |    21 ||    21
         Freezing Cloud    |       |       |     1 ||     1
    Use: Scroll            |     3 |     2 |     6 ||    11
         Potion            |       |     2 |    11 ||    13
 Armour: Robe              |    11 |    50 |    96 ||   157
         Skin              |       |       |    30 ||    30
  Dodge: Dodged            |    18 |    31 |   103 ||   152

Table legend: (Time is in decaauts)
 A = Elapsed time spent in this place.
 B = Non-inter-level travel time spent in this place.
 C = Inter-level travel time spent in this place.
 D = Time resting spent in this place.
 E = Time spent auto-exploring this place.
 F = Levels seen in this place.
 G = Mean time per level.
                   A        B        C        D        E       F      G
               +--------+--------+--------+--------+--------+-----+--------+
         Total |   8114 |   7514 |    600 |   1948 |   4412 |  10 |  811.4 |
       Dungeon |   8083 |   7496 |    587 |   1948 |   4412 |   9 |  898.1 |
        Temple |     30 |     17 |     13 |      0 |      0 |   1 |   30.0 |
               +--------+--------+--------+--------+--------+-----+--------+

Top non-repeatable levels by time:
     D:4: 1543 daAuts
     D:1: 1500 daAuts
     D:5: 1333 daAuts
     D:7: 1224 daAuts
     D:3: 1162 daAuts
     D:2: 897 daAuts
     D:6: 335 daAuts
     D:8: 72 daAuts
  Temple: 30 daAuts
     D:9: 14 daAuts
